 Dungeon Crawl Stone Soup version 0.26-b1-32-g5d43845318 (webtiles) character file.

Game seed: 10569891425335472321

10331 dohliylev the Thaumaturge (level 11, -8/54 HPs)
             Began as a Gargoyle Venom Mage on Jan 11, 2021.
             Was a Priest of Sif Muna.
             Mangled by a cane toad (19 damage)
             ... on level 2 of the Lair of Beasts.
             The game lasted 01:19:22 (14376 turns).

dohliylev the Thaumaturge (Gargoyle Venom Mage)    Turns: 14376, Time: 01:19:23

Health: -8/54      AC: 11    Str: 12    XL:     11   Next: 60%
Magic:  6/26       EV: 13    Int: 21    God:    Sif Muna [***...]
Gold:   692        SH:  0    Dex: 19    Spells: 18/33 levels left

rFire    + . .     SeeInvis .   y - +2 hand axe of Wimpuhuo {elec, rF+ Int+2 Dex+3}
rCold    . . .     Faith    .   (no shield)
rNeg     + . .     Spirit   .   a - +0 robe
rPois    ∞         Reflect  .   (no helmet)
rElec    +         Harm     .   (no cloak)
rCorr    .         Rampage  .   (no gloves)
Will     .....                  u - +0 pair of boots
Stlth    ++........             m - amulet of regeneration
HPRegen  0.58/turn              d - ring of wizardry
MPRegen  0.20/turn              C - +6 ring of dexterity

@: no status effects
A: negative energy resistance 1, electricity resistance, unbreathing,
petrification resistance, miasma immunity, AC +8
a: Renounce Religion, Channel Magic, Forget Spell


You were on level 2 of the Lair of Beasts.
You worshipped Sif Muna.
Sif Muna was most pleased with you.
You visited 3 branches of the dungeon, and saw 11 of its levels.
You also visited: Sewer and Bailey.

You collected 692 gold pieces.

Inventory:

Hand Weapons
 y - the +2 hand axe of Wimpuhuo (weapon) {elec, rF+ Int+2 Dex+3}
   (You found it on level 5 of the Dungeon)

   Occasionally, upon striking a foe, it can discharge electrical energy and
   cause terrible harm.
   It affects your intelligence (+2).
   It affects your dexterity (+3).
   It protects you from fire.
Armour
 a - a +0 robe (worn)
 u - a +0 pair of boots (worn)
Jewellery
 d - a ring of wizardry (left hand)
 m - an amulet of regeneration (around neck)
 n - an uncursed ring of protection from cold
 C - a +6 ring of dexterity (right hand)
 K - a +6 ring of dexterity
Wands
 B - a wand of random effects (14)
 D - a wand of polymorph (7)
Scrolls
 f - 11 scrolls of identify
 g - 6 scrolls of fear
 i - 3 scrolls of fog
 j - a scroll of enchant weapon
 o - 2 scrolls of enchant armour {unknown}
 q - a scroll of random uselessness {unknown}
 r - 2 scrolls of blinking {unknown}
 t - 4 scrolls of amnesia {unknown}
 v - 2 scrolls of immolation {unknown}
 A - 2 scrolls of magic mapping {unknown}
 F - a scroll of acquirement {unknown}
 H - a scroll of remove curse
 L - a scroll of silence {unknown}
Potions
 b - 5 potions of attraction {unknown}
 c - a potion of berserk rage {unknown}
 e - 4 potions of brilliance {unknown}
 h - 9 potions of heal wounds {unknown}
 k - 2 potions of lignification {unknown}
 l - 5 potions of degeneration {unknown}
 s - 2 potions of haste
 w - 3 potions of flight {unknown}
 x - a potion of curing
 z - 2 potions of magic {unknown}
 E - a potion of resistance {unknown}
 G - a potion of experience {unknown}
 I - a potion of might {unknown}
 J - a potion of invisibility {unknown}


   Skills:
 - Level 0.1 Long Blades
 - Level 0.1(0.2) Maces & Flails
 - Level 0.1 Polearms
 - Level 0.1(0.2) Staves
 - Level 0.1 Slings
 - Level 0.1 Bows
 - Level 0.3 Crossbows
 - Level 0.1 Throwing
 - Level 2.3 Dodging
 - Level 2.1 Stealth
 + Level 0.1 Shields
 + Level 11.9 Spellcasting
 + Level 5.9 Conjurations
 - Level 0.2 Hexes
 - Level 0.1 Summonings
 - Level 0.1 Necromancy
 - Level 0.1 Translocations
 - Level 0.7 Transmutations
 + Level 1.9 Fire Magic
 - Level 0.2 Ice Magic
 - Level 1.0 Air Magic
 - Level 0.3 Earth Magic
 - Level 8.0 Poison Magic
 - Level 8.0 Invocations
 + Level 0.2 Evocations


You had 18 spell levels left.
You knew the following spells:

 Your Spells              Type           Power        Failure   Level
a - Sting                 Tmut/Pois      100%         1%          1
b - Poisonous Vapours     Pois/Air       62%          1%          2
c - Mephitic Cloud        Conj/Pois/Air  33%          1%          3
d - Olgreb's Toxic Radia  Pois           46%          1%          4
f - Fireball              Conj/Fire      14%          12%         5

Your spell library contained the following spells:

 Spells                   Type           Power        Failure   Level
 Foxfire                  Conj/Fire      100%         1%          1
 Conjure Flame            Conj/Fire      28%          1%          3
 Ignite Poison            Fire/Tmut/Pois 27%          1%          3
 Inner Flame              Hex/Fire       17%          4%          3
 Sticky Flame             Conj/Fire      28%          4%          4


Dungeon Overview and Level Annotations

Branches:
Dungeon (8/15)             Temple (1/1) D:5            Lair (2/6) D:8
  Swamp (0/4) Lair:2        Sewer (visited)          Bailey (visited)
  Snake: Lair:2-4    Spider: Lair:2-4

Altars:
Ashenzari
Cheibriados
Dithmenos
Fedhas
Gozag
Hepliaklqana
Kikubaaqudgha
Makhleb
Okawaru
Qazlal
Ru
Sif Muna
Trog
Uskayaw
Vehumet
Wu Jian
Xom
Yredelemnul
Zin
The Shining One

Shops:
D:6 *

Annotations:
D:4 3 runed translucent doors, Borgoz's ghost, amateur GrGl
Lair:2 exclusion: 4 oklob plants


Innate Abilities, Weirdness & Mutations

You are resistant to torment.
Your stone body is resilient. (AC +8)
You are immune to poison.
You resist negative energy. (rN+)
You are resistant to electric shocks. (rElec)
You can survive without breathing.
You are immune to petrification.
You are immune to miasma.


Message History

The stinking cloud engulfs the boulder beetle but does no damage.
The boulder beetle is lightly wounded.
The stinking cloud engulfs the cane toad but does no damage.
The cane toad is heavily wounded.
The stinking cloud engulfs you but does no damage.
The boulder beetle is engulfed in noxious fumes.
The boulder beetle leaps!
Aiming: Polymorph
Press: ? - help, Shift-Dir - straight line, f - cane toad
Aim: a cane toad (noxious fumes, heavily wounded, will become a tengu, a water moccasin, or a golden eye, chance to affect: 46%)
The cane toad resists with some effort.
The cane toad stings you!
* * * LOW HITPOINT WARNING * * *
The cane toad stings you!
* * * LOW HITPOINT WARNING * * *
You feel better.
The boulder beetle looks more healthy.
The boulder beetle is engulfed in noxious fumes.
The boulder beetle appears confused.
The boulder beetle bites the cane toad!
The boulder beetle bites itself but does no damage.
The cane toad stings you!!
You die...

##.......#.# .
#.........# # ..
##........## .## ..#
#.(......## ..#
.P####........###..#
..#............#..#
........###...○..#
.......## #...BF##
.......#.##...##@#
........##....####
..............#
.P..#..........
######......#. #
.....# ....## ...#


You could see a boulder beetle (confused) and a cane toad.

Vanquished Creatures
  An orc warlord (Bailey)
  A two-headed ogre (D:7)
  2 orc knights (Bailey)
  6 komodo dragons (Lair:1)
  10 yaks
  Eustachio (D:4)
  Grum (D:8)
  5 water moccasins
  An orc warrior (D:7)
  Purgy (Sewer)
  8 ogres
  A black bear (D:8)
  A necrophage (D:8)
  6 wolves
  A centaur (D:5)
  10 bullfrogs
  A gnoll sergeant (D:6)
  A scorpion (D:8)
  5 wights (D:8)
  A howler monkey (D:4)
  A centaur zombie (D:8)
  A quasit (D:8)
  2 centaur skeletons
  A hound (D:8)
  A bullfrog skeleton (D:6)
  4 gnoll shamans
  An orc priest (D:8)
  3 orc wizards
  3 iguanas
  3 worker ants
  63 gnolls
  A worker ant zombie (D:5)
  11 adders
  A white imp (D:6)
  2 oozes
  An adder zombie (D:5)
  An adder skeleton (D:4)
  3 worms
  3 dart slugs
  8 leopard geckos
  23 orcs
  2 ball pythons (D:3)
  8 giant cockroaches
  12 goblins
  9 hobgoblins
  22 jackals
  5 quokkas
  7 bats
  3 frilled lizards
  28 kobolds
  8 rats
305 creatures vanquished.

Vanquished Creatures (others)
  13 foxfires
  59 fungi
  79 plants
151 creatures vanquished.

Grand Total: 456 creatures vanquished

Notes
Turn   | Place    | Note
-------+----------+-------------------------------------------
     0 | D:1      | dohliylev the Gargoyle Venom Mage began the quest for the
                  | Orb.
     0 | D:1      | Reached XP level 1. HP: 10/10 MP: 3/3
    52 | D:1      | Reached XP level 2. HP: 14/15 MP: 0/5
    55 | D:1      | Learned a level 2 spell: Poisonous Vapours
   253 | D:1      | Reached skill level 3 in Spellcasting
   566 | D:1      | Reached XP level 3. HP: 19/19 MP: 4/7
   570 | D:1      | Learned a level 3 spell: Mephitic Cloud
  1082 | D:2      | Found an iron altar of Okawaru.
  1685 | D:2      | Reached XP level 4. HP: 19/24 MP: 6/9
  1690 | D:2      | Learned a level 4 spell: Olgreb's Toxic Radiance
  1944 | D:2      | Reached skill level 1 in Air Magic
  1995 | D:2      | Reached skill level 4 in Spellcasting
  2249 | D:2      | Reached XP level 5. HP: 28/28 MP: 2/11
  2704 | D:3      | Found a glowing drain.
  2733 | Sewer    | Entered a sewer
  2851 | Sewer    | Noticed Purgy
  2871 | Sewer    | Killed Purgy
  2872 | Sewer    | Reached skill level 5 in Poison Magic
  2872 | Sewer    | Reached XP level 6. HP: 30/32 MP: 0/12
  4053 | D:3      | Found a hide-covered altar of Uskayaw.
  4053 | D:3      | Noticed a +0 hand axe
  4053 | D:3      | Noticed a +0 dagger
  4510 | D:4      | Noticed Eustachio
  4525 | D:4      | Killed Eustachio
  4526 | D:4      | Reached XP level 7. HP: 33/36 MP: 3/13
  4731 | D:4      | Found a runed translucent gate.
  4731 | D:4      | Found a runed translucent gate.
  4731 | D:4      | Found a runed translucent gate.
  4869 | D:4      | Noticed Borgoz's ghost (amateur GrGl)
  5359 | D:4      | Found a hazy altar of Hepliaklqana.
  5733 | D:5      | Entered Level 5 of the Dungeon
  5847 | D:5      | Found a staircase to the Ecumenical Temple.
  5858 | D:5      | Reached XP level 8. HP: 41/41 MP: 6/14
  5879 | Temple   | Entered the Ecumenical Temple
  5937 | Temple   | Became a worshipper of Sif Muna the Loreminder
  6047 | D:5      | Reached skill level 1 in Conjurations
  6063 | D:5      | Learned a level 1 spell: Foxfire
  6289 | D:5      | Got a warped hand axe
  6290 | D:5      | Identified the +2 hand axe of Wimpuhuo {elec, rF+ Int+2
                  | Dex+3} (You found it on level 5 of the Dungeon)
  7050 | D:6      | Found Tiasyn's Sacrilege Store.
  7050 | D:6      | Found a basalt altar of Yredelemnul.
  7128 | D:6      | Reached * piety under Sif Muna
  7326 | D:6      | Reached skill level 5 in Spellcasting
  7689 | D:6      | Reached skill level 5 in Conjurations
  8231 | D:6      | Reached ** piety under Sif Muna
  8244 | D:6      | Reached skill level 6 in Spellcasting
  8244 | D:6      | Reached XP level 9. HP: 45/45 MP: 1/18
  8884 | D:6      | Found an iron altar of Okawaru.
  9188 | D:7      | Found a flagged portal.
  9196 | D:7      | Reached skill level 7 in Spellcasting
  9221 | Bailey   | Entered a bailey
  9238 | Bailey   | Noticed an orc warlord
  9343 | Bailey   | Noticed an orc knight
  9352 | Bailey   | Killed an orc knight
  9353 | Bailey   | Reached skill level 8 in Spellcasting
  9353 | Bailey   | Reached skill level 1 in Invocations
  9481 | Bailey   | Found a runed translucent gate.
  9483 | Bailey   | Found a runed translucent gate.
  9485 | Bailey   | Found a runed translucent gate.
  9493 | Bailey   | Noticed an orc knight
  9535 | Bailey   | Killed an orc knight
  9777 | Bailey   | Killed an orc warlord
  9778 | Bailey   | Reached skill level 1 in Fire Magic
  9778 | Bailey   | Reached XP level 10. HP: 50/50 MP: 3/22
 10257 | D:7      | Noticed a two-headed ogre
 10287 | D:7      | Killed a two-headed ogre
 10613 | D:8      | Learned a level 5 spell: Fireball
 10623 | D:8      | Reached *** piety under Sif Muna
 10761 | D:8      | Reached skill level 9 in Spellcasting
 11344 | D:8      | Identified the +2 ring mail of Pantheism {Will+++ Int-4
                  | Slay-3 Stlth+}
 11480 | D:8      | Noticed Grum
 11741 | D:8      | Killed Grum
 11863 | D:8      | Found a stormy altar of Qazlal.
 12045 | D:8      | Reached skill level 10 in Spellcasting
 12159 | D:8      | Reached XP level 11. HP: 38/54 MP: 13/25
 12239 | D:8      | Found a staircase to the Lair.
 12735 | Lair:1   | Entered Level 1 of the Lair of Beasts
 13075 | Lair:1   | Reached skill level 11 in Spellcasting
 13824 | Lair:2   | Noticed an oklob plant
 13824 | Lair:2   | Noticed an oklob plant
 13824 | Lair:2   | Noticed an oklob plant
 13824 | Lair:2   | Noticed an oklob plant
 14298 | Lair:2   | Found a staircase to the Swamp.
 14298 | Lair:2   | Noticed a bog body
 14343 | Lair:2   | Noticed a boulder beetle
 14375 | Lair:2   | HP: 1/54 [cane toad (12)]
 14376 | Lair:2   | Mangled by a cane toad

Illustrated notes

Levels and vault maps discovered:
D:1:      eino_arrival_tree_alley, layout_loops_ring,
          minmay_misc_feat_diagonals, minmay_pentomino_p4
D:2:      layout_loops_ring, old_standard_altar, serial_glass, glass_columns_b,
          glass_columns_c
D:3:      layout_loops_ring, dancing_weapons_uskayaw,
          cheibrodos_sewer_entry_drain, lexackson_kobold_supper
D:4:      layout_loops_ring, nicolae_overflow_crystal_walls,
          gammafunk_ghost_icy, minmay_circle_x, uniq_eustachio
D:5:      layout_cave_pools, minmay_temple_entry_offerings, serial_rivers,
          chequers_serial_rivers_micro_d, chequers_serial_rivers_small_b,
          chequers_serial_rivers_room_b, chequers_serial_rivers_marsh,
          chequers_serial_rivers_micro_b, chequers_serial_rivers_micro_a
D:6:      lemuel_castle_with_subvaults [lemuel_castle_interior_carwin_1],
          layout_loops_ring, basic_altar, nicolae_evil_shop
D:7:      layout_loops_ring, enter_bailey_6
D:8:      layout_loops_ring, lemuel_crystal_altar, due_lair_maze_entry_diamond,
          uniq_grum
Temple:   nicolae_temple_x_marks_the_god
Lair:1:   layout_small_grid, beast_lair_carwin_1
Lair:2:   layout_layer_cave, skrybe_swamp_entry_bodies,
          minmay_lair_oklob_chamber, grunt_megastairs_5

Skill      XL: |  1  2  3  4  5  6  7  8  9 10 11 |
---------------+----------------------------------+-----
Spellcasting   | 3 4 6 8 10 11 | 11.9
Air Magic      | 1 |  1.0
Poison Magic   | 5 6 7 8 |  8.0
Dodging        | 2 |  2.3
Conjurations   | 5 |  5.9
Invocations    | 7 8 |  8.0
Fire Magic     | 1 |  1.9
Long Blades    | |  0.1
Maces & Flails | |  0.1
Polearms       | |  0.1
Staves         | |  0.1
Slings         | |  0.1
Bows           | |  0.1
Crossbows      | |  0.3
Throwing       | |  0.1
Stealth        | |  2.1
Shields        | |  0.1
Hexes          | |  0.2
Summonings     | |  0.1
Necromancy     | |  0.1
Translocations | |  0.1
Transmutations | |  0.7
Ice Magic      | |  0.2
Earth Magic    | |  0.3
Evocations     | |  0.2

Action                   |  1- 3 |  4- 6 |  7- 9 | 10-12 || total
-------------------------+-------+-------+-------+-------++-------
Melee: Unarmed           |    54 |       |       |       ||    54
       Dagger            |       |    50 |    86 |       ||   136
       Hand axe          |       |       |    57 |    64 ||   121
 Cast: Sting             |    30 |    30 |    61 |    52 ||   173
       Poisonous Vapours |    20 |    69 |   163 |    99 ||   351
       Olgreb's Toxic Ra |       |     4 |    14 |    18 ||    36
       Mephitic Cloud    |       |       |    15 |    15 ||    30
       Foxfire           |       |       |     8 |       ||     8
       Fireball          |       |       |       |    20 ||    20
Invok: Channel Magic     |       |       |     2 |     1 ||     3
       Forget Spell      |       |       |       |     1 ||     1
Evoke: Wand              |       |       |       |     1 ||     1
  Use: Scroll            |       |     3 |     3 |     3 ||     9
       Potion            |       |       |       |     3 ||     3
 Stab: Sleeping          |       |     2 |       |       ||     2
       Confused          |       |       |     1 |     1 ||     2
Armor: Robe              |    31 |    27 |    38 |    52 ||   148
Dodge: Dodged            |    62 |    52 |   117 |    99 ||   330
